 Dungeon Crawl Stone Soup version 0.26-a0-712-ga5a9c9c9d0 (webtiles) character file.

Game seed: 10334168951157403220

2004 Azzok the Chopper (level 9, 69/69 HPs)
             Began as a Demonspawn Berserker on Nov 5, 2020.
             Was an Elder of Trog.
             Quit the game on level 7 of the Dungeon.
             The game lasted 00:05:57 (6111 turns).

Azzok the Chopper (Demonspawn Berserker)            Turns: 6111, Time: 00:05:57

Health: 69/69      AC: 13    Str: 20    XL:     9   Next: 2%
Magic:  9/9        EV: 10    Int: 10    God:    Trog [****..]
Gold:   391        SH:  0    Dex: 12    Spells: 8/8 levels left

rFire    . . .     SeeInvis .   w - +0 trident (venom)
rCold    + . .     Faith    .   (no shield)
rNeg     . . .     Spirit   .   r - +0 chain mail
rPois    .         Reflect  .   (no helmet)
rElec    .         Harm     .   z - scarf {repulsion}
rCorr    .         Rampage  .   (no gloves)
MR       .....                  (no boots)
Stlth    ..........             (no amulet)
HPRegen  0.21/turn              b - ring of stealth
MPRegen  0.11/turn              y - ring of stealth

@: repel missiles
A: talons 2, iridescent scales 2, cold resistance 1, spiny 1
a: Berserk, Trog's Hand, Brothers in Arms, Renounce Religion


You were on level 7 of the Dungeon.
You worshipped Trog.
Trog was greatly pleased with you.
You visited 1 branch of the dungeon, and saw 7 of its levels.

You collected 391 gold pieces.

Inventory:

Hand Weapons
 a - a +0 hand axe
 w - a +0 trident of venom (weapon)
Armour
 e - a +2 cloak
 r - a +0 chain mail (worn)
 z - a scarf of repulsion (worn)
Jewellery
 b - a ring of stealth (left hand)
 t - an uncursed ring of ice
 y - a ring of stealth (right hand)
Scrolls
 c - 3 scrolls of blinking {unknown}
 g - 2 scrolls of teleportation {unknown}
 i - 2 scrolls of random uselessness {unknown}
 l - 6 scrolls of identify {unknown}
 m - 2 scrolls of magic mapping {unknown}
 n - a scroll of immolation {unknown}
 p - 5 scrolls of remove curse {unknown}
 s - 5 scrolls of fear {unknown}
 u - a scroll of enchant weapon {unknown}
 v - a scroll of noise {unknown}
Potions
 d - 3 potions of lignification {unknown}
 f - 6 potions of curing
 h - 3 potions of heal wounds {unknown}
 j - a potion of mutation {unknown}
 k - 2 potions of degeneration {unknown}
 o - a potion of haste {unknown}
 q - 2 potions of cancellation {unknown}
 x - a potion of flight {unknown}


   Skills:
 + Level 6.0 Fighting
 * Level 7.3 Axes
 + Level 5.0 Armour
 + Level 5.1 Dodging


You had 8 spell levels left.
You didn't know any spells.
Your spell library was empty.

Dungeon Overview and Level Annotations

Branches:
Dungeon (7/15)             Temple (0/1) D:7

Altars:
Elyvilon
Fedhas
Gozag
Nemelex Xobeh
Qazlal
Wu Jian
Xom

Annotations:
D:5 2 runed translucent doors, Bvern's ghost, novice OpFi


Innate Abilities, Weirdness & Mutations

You have razor-sharp toenails.
You are mostly covered in iridescent scales. (AC +4)
Your flesh is cold resistant. (rC+)
You are partially covered in sharp spines.


Message History

The centaur unwields a +0 shortbow.
The centaur hits you but does no damage.
You hit the centaur.
The centaur is poisoned.
The centaur is lightly wounded.
The centaur hits you but does no damage.
You puncture the centaur!
The centaur looks as sick as possible!
You claw the centaur.
The centaur is heavily wounded.
The centaur barely misses you. The centaur hits you.
You puncture the centaur!
You kill the centaur!
Trog accepts your kill.
You have reached level 9!
Your experience leads to an increase in your attributes!
Increase (S)trength, (I)ntelligence, or (D)exterity?
You feel stronger.
Your demonic ancestry asserts itself...
Sharp spines emerge from parts of your body.
Things that are here:
a +0 shortbow; 19 arrows; a centaur corpse Are you sure you want to abandon this character and quit the game? (Confirm with "yes".)

▒·········▒·▒
▒···········▒▒▒·
▒········>·▒▒···
▒··············
▒············▒
▒·····$····▒
▒··(·······▒▒
▒····(·<(···▒▒▒▒
▒▒▒▒▒▒····@····▒▒
▒··▒▒▒·▒▒··▒
··▒▒▒▒▒▒))▒ ▒·▒ ▒···
▒·▒
▒······))▒▒▒▒·▒▒···_
▒·▒
·c······▒▒▒▒·····▒
▒·▒ ▒·▒·······▒▒·▒·▒
▒<▒ ▒···)▒▒····▒·▒
▒·▒ ▒·▒▒·▒▒····▒·▒
▒·▒ ▒·
▒····▒▒·▒†▒▒▒▒ ▒·▒


There were no monsters in sight!

Vanquished Creatures
  Maggie (D:7)
  An orc warrior (D:6)
  A sky beast (D:6)
  An ice beast (D:5)
  3 centaurs
  An ogre (D:6)
  A scorpion (D:6)
  A water moccasin skeleton (D:7)
  4 wights (D:6)
  2 howler monkeys
  A centaur zombie (D:5)
  4 orc priests
  8 orc wizards
  2 hounds
  A gnoll shaman (D:7)
  An iguana (D:4)
  4 worker ants
  7 adders
  3 gnolls (D:7)
  A white imp (D:5)
  3 ufetubi
  2 oozes
  An adder skeleton (D:6)
  2 dart slugs
  5 leopard geckos
  21 orcs
  4 ball pythons
  4 giant cockroaches
  3 hobgoblins
  2 jackals (D:5)
  8 kobolds
  A quokka (D:5)
  5 bats
  4 frilled lizards
  6 goblins
  2 rats (D:1)
121 creatures vanquished.

Notes
Turn   | Place    | Note
-------+----------+-------------------------------------------
     0 | D:1      | Azzok the Demonspawn Berserker began the quest for the Orb.
     0 | D:1      | Reached XP level 1. HP: 18/18 MP: 1/1
    98 | D:1      | Gained mutation: You have sharp toenails. [demonic
                  | ancestry]
    98 | D:1      | Reached XP level 2. HP: 10/24 MP: 2/2
   326 | D:1      | Reached skill level 3 in Axes
  1204 | D:2      | Gained mutation: You have razor-sharp toenails. [demonic
                  | ancestry]
  1204 | D:2      | Reached XP level 3. HP: 29/29 MP: 3/3
  1535 | D:2      | Found a white marble altar of Elyvilon.
  1536 | D:2      | Found a blossoming altar of Fedhas.
  1537 | D:2      | Found a stormy altar of Qazlal.
  1999 | D:3      | Reached ** piety under Trog
  2031 | D:3      | Gained mutation: You are partially covered in iridescent
                  | scales. (AC +2) [demonic ancestry]
  2031 | D:3      | Reached XP level 4. HP: 30/35 MP: 4/4
  2894 | D:4      | Reached skill level 4 in Axes
  2894 | D:4      | Reached XP level 5. HP: 41/42 MP: 5/5
  3333 | D:4      | Found an ornate altar of the Wu Jian Council.
  3542 | D:4      | Gained mutation: You are mostly covered in iridescent
                  | scales. (AC +4) [demonic ancestry]
  3542 | D:4      | Reached XP level 6. HP: 35/48 MP: 6/6
  4009 | D:5      | Entered Level 5 of the Dungeon
  4009 | D:5      | Found a large runed translucent door.
  4009 | D:5      | Found a large runed translucent door.
  4009 | D:5      | Noticed Bvern's ghost (novice OpFi)
  4217 | D:5      | Found an opulent altar of Gozag.
  4217 | D:5      | Found a sparkling altar of Nemelex Xobeh.
  4277 | D:5      | Noticed an ice beast
  4284 | D:5      | Killed an ice beast
  4284 | D:5      | Reached skill level 5 in Axes
  4288 | D:5      | Reached *** piety under Trog
  4298 | D:5      | Gained mutation: Your flesh is cold resistant. (rC+)
                  | [demonic ancestry]
  4298 | D:5      | Reached XP level 7. HP: 55/55 MP: 7/7
  4858 | D:6      | Reached skill level 5 in Fighting
  4858 | D:6      | Reached skill level 6 in Axes
  4870 | D:6      | Reached XP level 8. HP: 30/62 MP: 8/8
  5617 | D:7      | Found a staircase to the Ecumenical Temple.
  5628 | D:7      | Reached **** piety under Trog
  5674 | D:7      | Reached skill level 7 in Axes
  5745 | D:7      | Found a shimmering altar of Xom.
  5755 | D:7      | Noticed Maggie
  5785 | D:7      | Killed Maggie
  5785 | D:7      | Reached skill level 5 in Armour
  5785 | D:7      | Reached skill level 5 in Dodging
  5902 | D:7      | Gained mutation: You are partially covered in sharp spines.
                  | [demonic ancestry]
  5902 | D:7      | Reached XP level 9. HP: 25/69 MP: 9/9
  6111 | D:7      | Quit the game

Illustrated notes

Levels and vault maps discovered:
D:1:      dpeg_arrival_tiny_f, layout_loops_ring, hangedman_abyss_or_decor_stabs
D:2:      layout_basic, chequers_temple_overflow_statue_of_worship
D:3:      layout_loops_ring
D:4:      layout_loops_corners, overflow_temple_1_default, minmay_between
D:5:      layout_gridville, grunt_temple_overflow_opulence,
          ebering_ghost_disaster_area
D:6:      layout_rooms
D:7:      layout_rooms, old_standard_altar, overflow_temple_1_default,
          minmay_temple_entry_crystal_x, nemelex_spade_bored_becter, uniq_maggie

Skill      XL: |  1  2  3  4  5  6  7  8 |
---------------+-------------------------+-----
Armour         | 2 3 4 5 |  5.0
Axes           | 3 4 5 6 7 |  7.3
Dodging        | 2 3 4 5 |  5.1
Fighting       | 4 5 6 |  6.0

Action                   |  1- 3 |  4- 6 |  7- 9 || total
-------------------------+-------+-------+-------++-------
Melee: Hand axe          |    76 |    90 |       ||   166
       Kick              |     7 |    41 |    51 ||    99
       Trident           |       |    44 |   185 ||   229
Invok: Berserk           |       |     1 |     4 ||     5
 Stab: Sleeping          |     1 |       |       ||     1
Armor: Animal skin       |     7 |       |       ||     7
       Ring mail         |    19 |       |       ||    19
       Chain mail        |     6 |    94 |   104 ||   204
Dodge: Dodged            |    55 |    88 |    84 ||   227

Table legend: (Time is in decaauts)
 A = Elapsed time spent in this place.
 B = Non-inter-level travel time spent in this place.
 C = Inter-level travel time spent in this place.
 D = Time resting spent in this place.
 E = Time spent auto-exploring this place.
 F = Levels seen in this place.
 G = Mean time per level.
                   A        B        C        D        E       F      G
               +--------+--------+--------+--------+--------+-----+--------+
         Total |   6217 |   6082 |    135 |    556 |   4598 |   7 |  888.1 |
       Dungeon |   6217 |   6082 |    135 |    556 |   4598 |   7 |  888.1 |
               +--------+--------+--------+--------+--------+-----+--------+

Top non-repeatable levels by time:
     D:4: 1226 daAuts
     D:1: 1018 daAuts
     D:2: 945 daAuts
     D:6: 940 daAuts
     D:3: 847 daAuts
     D:5: 732 daAuts
     D:7: 505 daAuts
